 Dungeon Crawl Stone Soup version 0.31.0-32-g396128a36d (webtiles) character file.

Game seed: 15066669031554946134

6750 tizbic2 the Devout (level 11, -6/78 HPs)
             Began as a Formicid Fighter on Apr 17, 2024.
             Was a Priest of Zin.
             Mangled by a hellwing (7 damage)
             ... summoned by an orc sorcerer
             ... on level 1 of the Orcish Mines.
             The game lasted 00:31:48 (8480 turns).

tizbic2 the Devout (Formicid Fighter)               Turns: 8480, Time: 00:31:49

Health: -6/78      AC: 16    Str: 20    XL:     11   Next: 24%
Magic:  18/18      EV:  7    Int:  9    God:    Zin [***...]
Gold:   109        SH: 15    Dex: 23    Spells: 10/10 levels left

rFire   . . .        H - +0 arbalest
rCold   . . .        d - +2 kite shield
rNeg    . . .        I - +0 plate armour
rPois   .            (helmet unavailable)
rElec   .            m - scarf {repulsion}
rCorr   .            (no gloves)
SInv    +            (no boots)
Will    +....        (no amulet) Stlth
                     e - +6 ring of dexterity
HPRegen 0.33/turn    q - +4 ring of protection
MPRegen 0.16/turn

%: repel missiles
@: mighty, spiked, on recite cooldown, studying Dodging
A: permanent stasis, dig shafts and tunnels, antennae 3, four strong arms
a: Dig, Shaft Self, Renounce Religion, Recite, Vitalisation, Imprison, Donate
Gold


You were on level 1 of the Orcish Mines.
You worshipped Zin.
Zin was most pleased with you.
You visited 3 branches of the dungeon, and saw 12 of its levels.

You collected 496 gold pieces.
You spent 261 gold pieces at shops.
You donated 126 gold pieces to Zin.

Inventory:

Hand Weapons
 a - a +4 great sword
 w - a +2 shortbow of freezing
 x - a +0 halberd
 z - a +2 dire flail of holy wrath
 H - a +0 arbalest (weapon)
Missiles
 t - 7 boomerangs
Armour
 d - a +2 kite shield (worn)
 m - a scarf of repulsion (worn)
 n - a +1 ring mail of fire resistance
 s - +0 steam dragon scales
 I - a +0 plate armour (worn)
Magical Staves
 l - a staff of alchemy
Jewellery
 c - a ring of poison resistance
 e - a +6 ring of dexterity (left hand)
 k - a ring of positive energy
 q - a +4 ring of protection (right hand)
 F - a ring of flight
Wands
 h - a wand of iceblast (1)
 i - a wand of flame (1)
Scrolls
 v - a scroll of revelation {unknown}
 y - a scroll of silence
 C - 2 scrolls of torment {unknown}
 E - 2 scrolls of identify
 G - a scroll of immolation {unknown}
Potions
 b - 2 potions of invisibility {unknown}
 f - 2 potions of attraction {unknown}
 g - 2 potions of enlightenment {unknown}
 j - 2 potions of haste
 o - 3 potions of lignification {unknown}
 p - 2 potions of berserk rage
 r - 2 potions of ambrosia {unknown}
 u - a potion of magic {unknown}
 A - a potion of resistance {unknown}
 B - a potion of mutation {unknown}


   Skills:
 + Level 4.7 Fighting
 - Level 1.5 Long Blades
 - Level 3.0(3.3) Polearms
 - Level 2.0(2.8) Staves
 * Level 10.0 Ranged Weapons
 + Level 4.8 Armour
 * Level 4.0 Dodging
 + Level 10.0 Shields
 * Level 10.5 Invocations


You had 10 spell levels left.
You didn't know any spells.
Your spell library contained the following spells:

 Spells                   Type           Power      Damage    Failure   Level
 Inner Flame              Hex/Fire       0%         N/A       100%        3
 Flame Wave               Conj/Fire      0%         2d4       100%        4
 Sticky Flame             Fire/Alch      0%         2d4       100%        4


Dungeon Overview and Level Annotations

Branches:
Dungeon (10/15)            Temple (1/1) D:5             Orc (1/2) D:9
   Lair: D:8-11

Altars:
Ashenzari
Cheibriados
Dithmenos
Elyvilon
Fedhas
Gozag
Hepliaklqana
Kikubaaqudgha
Makhleb
Nemelex Xobeh
Qazlal
Ru
Uskayaw
Vehumet
Wu Jian
Xom
Yredelemnul
Zin
The Shining One

Shops:
D:1 (!??(   D:8 ((

Annotations:
D:8 Amaemon


Innate Abilities, Weirdness & Mutations

You cannot be hasted, slowed, berserked, paralysed or teleported.
You can dig through walls and to a lower floor.
You have a pair of large antennae on your head. (SInv)
Your four strong arms can wield two-handed weapons with a shield.


Message History

The red devil hits you but does no damage.
The hellwing closely misses you.
The hellwing hits you but does no damage.
You shoot a bolt.
The bolt hits the orc sorcerer but does no damage.
The orc sorcerer is moderately wounded.
The ufetubus hits you but does no damage. x4
The orc sorcerer barely misses you. You block the red devil's attack.
The hellwing barely misses you. You block the hellwing's attack.
You block the ufetubus's attack.
The ufetubus hits you but does no damage.
The orc sorcerer hits you but does no damage.
The hellwing hits you.
* * * LOW HITPOINT WARNING * * *
The hellwing hits you but does no damage.
The red devil hits you with a +1 trident of flaming.
* * * LOW HITPOINT WARNING * * *
Barbed spikes become lodged in your body.
The red devil burns you.
* * * LOW HITPOINT WARNING * * *
You block the ufetubus's attack.
The ufetubus hits you but does no damage.
You block the orc sorcerer's attack.
The hellwing hits you but does no damage.
You block the hellwing's attack.
The red devil hits you with a +1 trident of flaming!
* * * LOW HITPOINT WARNING * * *
Barbed spikes become lodged in your body.
The red devil burns you.
* * * LOW HITPOINT WARNING * * *
The ufetubus hits you.
* * * LOW HITPOINT WARNING * * *
The ufetubus barely misses you.
You begin to dig a shaft.
You continue digging a shaft.
The ufetubus hits you but does no damage.
You block the ufetubus's attack. You block the orc sorcerer's attack.
The hellwing hits you. Zin protects you from harm! The hellwing hits you!
You die...

#.#...............#.
##..................#
..
#..............#....#
...
##.#.#........#......
...##
##.......)..###.#.##
#....####.#.....###
####
.......###.#...##
......55#45....#
.....#53o@.#......
#.....554#######.#
......55## ##
...##.### { .. #. .
.. .. ...


You could see a hellwing (summoned), a ynoxinul (summoned), an orc sorcerer, a
red devil (summoned) and 8 ufetubi.

Vanquished Creatures
  A manticore (D:9)
  Maurice (Orc:1)
  Jeremiah (D:6)
  A hornet (D:9)
  Grinder (D:3)
  Sigmund (D:4)
  7 yaks
  A wraith (D:9)
  2 steam dragons
  Edmund (D:6)
  4 water moccasins
  5 orc warriors
  3 ice beasts
  2 black bears (D:8)
  2 centaurs
  A phantom (D:6)
  2 kobold brigands (D:4)
  A bullfrog (D:8)
  A gnoll sergeant (D:5)
  2 scorpions
  16 wights
  4 killer bees
  2 howler monkeys
  A crimson imp (D:6)
  A lava snake (D:9)
  2 bombardier beetles (D:5)
  3 hounds
  An orc priest (Orc:1)
  2 sleepcaps
  A gnoll bouda (D:9)
  3 iguanas
  3 orc wizards
  10 gnolls
  5 adders
  A shadow imp (D:5)
  2 white imps
  A dart slug (D:3)
  A ribbon worm (D:2)
  27 orcs
  5 bats
  6 endoplasms
  2 giant cockroaches
  5 goblins
  7 hobgoblins
  8 jackals (D:1)
  3 quokkas
  7 ball pythons
  4 frilled lizards
  5 kobolds
  3 rats
181 creatures vanquished.

Vanquished Creatures (collateral kills)
  A dart slug (D:1)
1 creature vanquished.

Grand Total: 182 creatures vanquished

Notes
Turn   | Place    | Note
-------+----------+-------------------------------------------
     0 | D:1      | tizbic2 the Formicid Fighter began the quest for the Orb.
     0 | D:1      | Reached XP level 1. HP: 18/18 MP: 1/1
    96 | D:1      | Found Utah's Weapon Boutique.
   116 | D:1      | Found Wygoudgheg's Distillery.
   129 | D:1      | Reached skill level 1 in Ranged Weapons
   145 | D:1      | Reached XP level 2. HP: 24/24 MP: 2/2
   251 | D:1      | Found Byhutiy's Magic Scroll Shop.
   265 | D:1      | Reached XP level 3. HP: 28/29 MP: 3/3
   301 | D:1      | Found Tyihaet's Magic Scroll Shop.
   536 | D:1      | Found Nuppuox's Weapon Boutique.
  1001 | D:2      | Reached XP level 4. HP: 35/35 MP: 4/4
  1003 | D:2      | Found a burning altar of Makhleb.
  1797 | D:3      | Found a broken altar of Ashenzari.
  1797 | D:3      | Found a blossoming altar of Fedhas.
  1807 | D:3      | Found a hazy altar of Hepliaklqana.
  1822 | D:3      | Reached skill level 1 in Polearms
  1822 | D:3      | Reached skill level 5 in Shields
  1905 | D:3      | Found a glowing golden altar of the Shining One.
  1906 | D:3      | Found a sacrificial altar of Ru.
  1911 | D:3      | Found an ornate altar of the Wu Jian Council.
  1931 | D:3      | Became a worshipper of the Shining One
  1950 | D:3      | Noticed Grinder
  1999 | D:3      | Killed Grinder
  2000 | D:3      | Reached XP level 5. HP: 8/41 MP: 5/5
  2000 | D:3      | Reached XP level 6. HP: 9/47 MP: 6/6
  2380 | D:4      | Noticed Sigmund
  2504 | D:4      | Reached skill level 1 in Invocations
  2508 | D:4      | Reached XP level 7. HP: 18/52 MP: 6/8
  2569 | D:4      | Killed Sigmund
  2570 | D:4      | Reached skill level 5 in Ranged Weapons
  3015 | D:5      | Entered Level 5 of the Dungeon
  3025 | D:5      | Reached XP level 8. HP: 58/58 MP: 10/10
  3536 | D:5      | Found a staircase to the Ecumenical Temple.
  3547 | Temple   | Entered the Ecumenical Temple
  3574 | Temple   | Fell from the grace of the Shining One
  3574 | Temple   | Became a worshipper of Zin the Law-Giver
  3574 | Temple   | Reached * piety under Zin
  3769 | D:1      | Bought a +2 shortbow of freezing for 191 gold pieces
  4386 | D:5      | Reached skill level 5 in Invocations
  4530 | D:6      | Noticed Jeremiah
  4543 | D:6      | Killed Jeremiah
  4914 | D:1      | Bought a potion of heal wounds for 70 gold pieces
  5067 | D:6      | Found a radiant altar of Vehumet.
  5067 | D:6      | Found a burning altar of Makhleb.
  5082 | D:6      | Reached XP level 9. HP: 64/64 MP: 13/13
  5138 | D:6      | Reached ** piety under Zin
  5533 | D:6      | Noticed Edmund
  5543 | D:6      | Killed Edmund
  5950 | D:6      | HP: 2/64 [killer bee (4)]
  6329 | D:7      | Reached XP level 10. HP: 56/70 MP: 16/16
  6437 | D:8      | Noticed Amaemon
  6437 | D:8      | Noticed an orange demon
  6477 | D:8      | Found Woarghai's Antique Weapon Emporium.
  6647 | D:8      | Found a shadowy altar of Dithmenos.
  6652 | D:8      | Found Ynatzeh's Antique Weapon Shoppe.
  6708 | D:8      | Reached skill level 1 in Long Blades
  6731 | D:8      | You fall into a shaft and drop 2 floors!
  6731 | D:10     | Entered Level 10 of the Dungeon
  7049 | D:9      | Found a staircase to the Orcish Mines.
  7239 | D:9      | Reached *** piety under Zin
  7312 | D:9      | Reached skill level 1 in Dodging
  7538 | D:9      | Reached skill level 10 in Invocations
  7907 | D:9      | Donated 77 gold pieces to Zin
  7942 | D:9      | Noticed a manticore
  7950 | D:9      | Killed a manticore
  7951 | D:9      | Reached XP level 11. HP: 73/78 MP: 18/18
  8202 | Orc:1    | Entered Level 1 of the Orcish Mines
  8454 | Orc:1    | Noticed Maurice
  8466 | Orc:1    | Noticed an orc sorcerer
  8468 | Orc:1    | Killed Maurice
  8469 | Orc:1    | Reached skill level 10 in Ranged Weapons
  8469 | Orc:1    | Reached skill level 10 in Shields
  8479 | Orc:1    | HP: 3/78 [red devil/+1 trident of flaming[an orc sorcerer]
                  | (7)]
  8479 | Orc:1    | HP: 1/78 [ufetubus[an orc sorcerer] (1)]
  8480 | Orc:1    | Zin protects you from harm!
  8480 | Orc:1    | Mangled by a hellwing

Illustrated notes

Levels and vault maps discovered:
D:1:      dpeg_arrival_circle_labyrinth_c, layout_loops_ring, serial_shops,
          shop, shop, shop, shop, shop_fountains, corexii_hall_statues_t
D:2:      layout_loops_ring, basic_altar
D:3:      layout_loops_ring, nicolae_overflow_hallway_of_the_gods, uniq_grinder
D:4:      layout_basic, due_unseen_surprise, uniq_sigmund
D:5:      layout_basic, temple_fountains
D:6:      layout_loops_ring, grunt_temple_overflow_lords_of_destruction,
          uniq_jeremiah, uniq_edmund
D:7:      layout_gridville
D:8:      layout_loops_ring, mainiacjoe_overflow_catch_the_wave,
          due_lair_maze_entry_diamond, serial_shops,
          nicolae_shop_gibbet_a_chance, nicolae_shop_tiny_glass,
          nicolae_shop_just_a_little_nook, shop, uniq_pikel, uniq_amaemon
D:9:      layout_cave_pods, orc_0_dummy, kennysheep_potato
D:10:     layout_grid_maze, nzn_overflow_gifts_of_might_and_magic,
          enter_bailey_3, uniq_erica, uniq_grum, uniq_psyche, uniq_gastronok
Temple:   nicolae_temple_bog_church
Orc:1:    gammafunk_beogh_shrine, layout_caves, basic_altar,
          blackcustard_mines_bat_river, uniq_maurice, uniq_snorg

Skill      XL: |  1  2  3  4  5  6  7  8  9 10 11 |
---------------+----------------------------------+-----
Ranged Weapons | 1 2 4 5 6 8 9 10 | 10.0
Polearms       | 2 3 |  3.0
Shields        | 5 6 7 8 9 10 | 10.0
Invocations    | 1 3 5 8 10 | 10.5
Long Blades    | 1 |  1.5
Armour         | 4 |  4.8
Fighting       | 4 |  4.7
Dodging        | 2 4 |  4.0
Staves         | |  2.0

Action                     |  1- 3 |  4- 6 |  7- 9 | 10-12 || total
---------------------------+-------+-------+-------+-------++-------
  Melee: Quarterstaff      |     3 |       |       |       ||     3
         Spear             |    30 |    51 |       |       ||    81
         Staff             |       |    49 |       |       ||    49
         Morningstar       |       |    19 |    27 |       ||    46
         Halberd           |       |       |    61 |       ||    61
         Great sword       |       |       |    35 |    47 ||    82
         Dire flail        |       |       |       |     2 ||     2
   Fire: Sling             |    71 |       |       |       ||    71
         Shortbow          |       |       |    90 |   193 ||   283
         Orcbow            |       |       |    48 |       ||    48
         Arbalest          |       |       |       |    62 ||    62
 Invoke: Recite            |       |       |     1 |    14 ||    15
         Vitalisation      |       |       |     1 |     1 ||     2
         Donate Gold       |       |       |       |     1 ||     1
Ability: Dig               |       |     2 |     1 |     4 ||     7
         Shaft Self        |       |       |       |     2 ||     2
    Use: Scroll            |     3 |     2 |     6 |     1 ||    12
         Potion            |       |       |     4 |     3 ||     7
 Armour: Scale mail        |    47 |    88 |    59 |       ||   194
         Ring mail         |       |       |   117 |    84 ||   201
         Steam dragon scal |       |       |       |    10 ||    10
         Plate armour      |       |       |       |   100 ||   100
  Dodge: Dodged            |    29 |    46 |    88 |   119 ||   282
         Repelled          |       |       |     1 |     1 ||     2
  Block: Buckler           |    27 |    27 |    10 |       ||    64
         Kite shield       |       |       |   156 |   295 ||   451
